 Dungeon Crawl Stone Soup version 0.30-a0-824-g6c64550be9 (webtiles) character file.

Game seed: 14740956625519224042

7114 retardedninja the Blocker (level 11, -1/89 HPs)
             Began as a Gnoll Fighter on Feb 27, 2023.
             Was an Initiate of Gozag.
             Slain by a vampire (5 damage)
             ... on level 10 of the Dungeon.
             The game lasted 00:17:22 (14489 turns).

retardedninja the Blocker (Gnoll Fighter)          Turns: 14489, Time: 00:17:22

Health: -1/89      AC: 14    Str: 20    XL:     11   Next: 10%
Magic:  20/20      EV:  8    Int:  8    God:    Gozag
Gold:   1216       SH: 10    Dex: 11    Spells: 22/22 levels left

rFire   . . .      SeeInvis .    a - +0 broad axe (flame)
rCold   . . .      Faith    .    b - +0 kite shield
rNeg    + . .      Spirit   .    B - +0 chain mail
rPois   .          Reflect  .    (no helmet)
rElec   .          Harm     .    y - +0 cloak
rCorr   .          Rampage  .    k - +0 pair of gloves
Will    .....                    (no boots) Stlth
                                 n - amulet of the acrobat
HPRegen 0.34/turn                g - ring of positive energy
MPRegen 0.17/turn                (no ring)

@: no status effects
A: fangs 1, strong nose, distributed training
a: Renounce Religion, Potion Petition, Call Merchant, Bribe Branch


You were on level 10 of the Dungeon.
You worshipped Gozag.
Gozag was most pleased with you.
You visited 2 branches of the dungeon, and saw 11 of its levels.
You also visited: Ossuary.

You collected 2245 gold pieces.
You paid 1029 gold pieces to Gozag.

Inventory:

Hand Weapons
 a - a +0 broad axe of flaming (weapon)
Missiles
 p - 2 boomerangs (quivered)
 z - 4 throwing nets
Armour
 b - a +0 kite shield (worn)
 k - a +0 pair of gloves (worn)
 y - a +0 cloak (worn)
 B - a +0 chain mail (worn)
Jewellery
 g - a ring of positive energy (left hand)
 n - an amulet of the acrobat (around neck)
Scrolls
 c - a scroll of identify
 f - 2 scrolls of enchant weapon {unknown}
 o - a scroll of brand weapon {unknown}
 s - a scroll of vulnerability {unknown}
 w - a scroll of noise {unknown}
 x - a scroll of silence
 D - a scroll of teleportation {unknown}
 E - a scroll of poison
Potions
 d - a potion of resistance {unknown}
 h - 4 potions of flight
 j - a potion of brilliance
 r - 2 potions of haste {unknown}
 t - a potion of experience {unknown}
 v - 4 potions of mutation
 C - 2 potions of degeneration {unknown}
Miscellaneous
 e - a tin of tremorstones (inert)


   Skills:
 + Level 9.1 Fighting
 + Level 6.2 Short Blades
 + Level 6.2 Long Blades
 + Level 7.8 Axes
 + Level 6.2 Maces & Flails
 + Level 6.2 Polearms
 + Level 6.2 Staves
 + Level 6.2 Ranged Weapons
 + Level 6.2 Throwing
 + Level 9.1 Armour
 + Level 6.2 Dodging
 + Level 6.2 Stealth
 + Level 9.1 Shields
 + Level 6.2 Unarmed Combat
 + Level 6.2 Spellcasting
 + Level 5.1 Conjurations
 + Level 5.1 Hexes
 + Level 5.1 Summonings
 + Level 5.1 Necromancy
 + Level 5.1 Translocations
 + Level 5.1 Transmutations
 + Level 5.1 Fire Magic
 + Level 5.1 Ice Magic
 + Level 5.1 Air Magic
 + Level 5.1 Earth Magic
 + Level 5.1 Poison Magic
 + Level 6.8 Invocations
 + Level 6.2 Evocations


You had 22 spell levels left.
You didn't know any spells.
Your spell library contained the following spells:

 Spells                   Type           Power      Damage    Failure   Level
 Apportation              Tloc           20%        N/A       45%         1
 Necrotise                Necr           40%        1d6       45%         1
 Summon Small Mammal      Summ           40%        N/A       45%         1
 Sublimation of Blood     Necr           10%        N/A       58%         2
 Call Canine Familiar     Summ           10%        N/A       83%         3
 Portal Projectile        Hex/Tloc       20%        N/A       83%         3
 Cause Fear               Hex            5%         N/A       99%         4
 Leda's Liquefaction      Hex/Erth       5%         N/A       99%         4
 Petrify                  Tmut/Erth      10%        N/A       99%         4
 Irradiate                Conj/Tmut      5%         3d13      100%        5
 Dragon Form              Tmut           5%         N/A       100%        7
 Dragon's Call            Summ           5%         N/A       100%        9


Dungeon Overview and Level Annotations

Branches:
Dungeon (10/15)            Temple (1/1) D:7         Ossuary (visited)
   Lair: D:8-11         Orc: D:9-12

Altars:
Ashenzari
Cheibriados
Dithmenos
Elyvilon
Fedhas
Gozag
Hepliaklqana
Kikubaaqudgha
Makhleb
Nemelex Xobeh
Okawaru
Qazlal
Ru
Sif Muna
Trog
Uskayaw
Vehumet
Wu Jian
Yredelemnul
The Shining One

Shops:
D:5 !   D:7 :   D:8 (

Annotations:
D:9 3 runed translucent doors, 1 transporter, lotum's ghost, novice OpEE


Innate Abilities, Weirdness & Mutations

You have very sharp teeth.
Your uncanny sense of smell can sniff out nearby items.
Your experience applies equally to all skills.


Message History

Something draws strength from your injuries!
You're too confused to move!
You barely miss something. Your bite misses something.
You feel less confused. Something hits you.
* * * LOW HITPOINT WARNING * * *
Something bites you.
* * * LOW HITPOINT WARNING * * *
Something draws strength from your injuries!
You slash something! You burn something. Something hits you.
* * * LOW HITPOINT WARNING * * *
Something bites you but does no damage.
You are confused.
You feel invigorated. Something hits you but does no damage.
Something bites you.
* * * LOW HITPOINT WARNING * * *
Something draws strength from your injuries!
You completely miss something. You miss something. Something hits you.
Something bites you!
* * * LOW HITPOINT WARNING * * *
Something draws strength from your injuries!
Something closely misses you. Something bites you but does no damage.
You feel less invigorated.
You feel less confused.
You barely miss something. Something hits you.
Something bites you but does no damage.
You hit something but do no damage. You block something's attack.
Something bites you but does no damage. Something draws life force from you!
* * * LOW HITPOINT WARNING * * *
You barely miss something. Something hits you but does no damage.
Something bites you but does no damage.
You miss something. Something draws life force from you!
* * * LOW HITPOINT WARNING * * *
Something hits you!
* * * LOW HITPOINT WARNING * * *
Something bites you but does no damage.
You barely miss something. Your bite misses something.
Something hits you but does no damage. Something bites you.
You die...
Your body crumbles into a pile of gold.

..####...########'##
...........#..........
#..
...........#..........
#..
..........#..........
#..
#>.###.[..#.....#####
+.. #..# #....#######
#.. #..# #....# #..
#..###....#
#..###$.{@.....#
#..$$.$........#
.....###'###########
#.. #.$........ #
#..........
#..........
'..........
.########### .. $


There were no monsters in sight!

Vanquished Creatures
  A two-headed ogre (D:8)
  Maggie (D:7)
  Prince Ribbit (D:7)
  3 wyverns (D:8)
  5 yaks
  A steam dragon (D:8)
  Duvessa (D:7)
  5 orc warriors
  A black bear (D:4)
  5 ice beasts
  3 centaurs
  4 ogres
  A phantom (D:6)
  An elf zombie (Ossuary)
  Blork the orc (D:5)
  2 bullfrogs
  3 gnoll sergeants (D:8)
  3 scorpions
  Dowan (D:7)
  17 wights
  5 killer bees (D:8)
  3 howler monkeys
  A centaur zombie (Ossuary)
  3 hounds
  3 orc priests
  3 gnoll boudas
  2 iguanas (D:6)
  7 orc wizards
  2 mummies (Ossuary)
  34 gnolls
  10 adders
  A shadow imp (D:7)
  A white imp (D:7)
  An ufetubus (D:4)
  4 adder zombies (Ossuary)
  2 worms
  A dart slug (D:5)
  22 orcs
  4 bats
  7 endoplasms
  5 giant cockroaches
  3 goblins
  8 hobgoblins
  4 quokkas
  6 ball pythons
  3 frilled lizards
  14 hobgoblin zombies (Ossuary)
  A jackal zombie (Ossuary)
  7 kobolds
  6 kobold zombies (Ossuary)
  7 orc zombies (Ossuary)
  A rat (D:3)
  3 rat zombies (Ossuary)
244 creatures vanquished.

Vanquished Creatures (others)
  An orc (D:8)
  8 fungi (D:3)
  3 plants (D:3)
12 creatures vanquished.

Grand Total: 256 creatures vanquished

Notes
Turn   | Place    | Note
-------+----------+-------------------------------------------
     0 | D:1      | retardedninja the Gnoll Fighter began the quest for the
                  | Orb.
     0 | D:1      | Reached XP level 1. HP: 23/23 MP: 1/1
   103 | D:1      | Reached XP level 2. HP: 23/29 MP: 2/2
   152 | D:1      | Found a faded altar of an unknown god.
   808 | D:2      | Reached XP level 3. HP: 31/35 MP: 2/4
   861 | D:2      | Reached skill level 1 in Invocations
   983 | D:2      | Reached skill level 1 in Short Blades
   983 | D:2      | Reached skill level 1 in Long Blades
   983 | D:2      | Reached skill level 1 in Maces & Flails
   983 | D:2      | Reached skill level 1 in Polearms
   983 | D:2      | Reached skill level 1 in Staves
   983 | D:2      | Reached skill level 1 in Ranged Weapons
   983 | D:2      | Reached skill level 1 in Throwing
   983 | D:2      | Reached skill level 1 in Dodging
   983 | D:2      | Reached skill level 1 in Stealth
   983 | D:2      | Reached skill level 1 in Unarmed Combat
   983 | D:2      | Reached skill level 1 in Spellcasting
   983 | D:2      | Reached skill level 1 in Evocations
  1282 | D:2      | You fall into a shaft and drop 1 floor!
  1409 | D:2      | Reached XP level 4. HP: 41/41 MP: 5/5
  1556 | D:3      | Found a glowing golden altar of the Shining One.
  1577 | D:3      | Reached skill level 1 in Conjurations
  1577 | D:3      | Reached skill level 1 in Hexes
  1577 | D:3      | Reached skill level 1 in Summonings
  1577 | D:3      | Reached skill level 1 in Necromancy
  1577 | D:3      | Reached skill level 1 in Translocations
  1577 | D:3      | Reached skill level 1 in Transmutations
  1577 | D:3      | Reached skill level 1 in Fire Magic
  1577 | D:3      | Reached skill level 1 in Ice Magic
  1577 | D:3      | Reached skill level 1 in Air Magic
  1577 | D:3      | Reached skill level 1 in Earth Magic
  1577 | D:3      | Reached skill level 1 in Poison Magic
  2256 | D:2      | Reached XP level 5. HP: 39/47 MP: 5/7
  2310 | D:3      | Became a worshipper of the Shining One
  2799 | D:3      | Found a blossoming altar of Fedhas.
  3185 | D:3      | Found a shadowy altar of Dithmenos.
  3187 | D:3      | Found a stormy altar of Qazlal.
  3187 | D:3      | Found a shimmering blue altar of Sif Muna.
  3280 | D:4      | Noticed an ogre
  3296 | D:4      | Killed an ogre
  3297 | D:4      | Reached skill level 5 in Axes
  3297 | D:4      | Reached XP level 6. HP: 37/53 MP: 7/9
  3703 | D:4      | Noticed a black bear
  3714 | D:4      | Killed a black bear
  3715 | D:4      | Reached XP level 7. HP: 22/60 MP: 10/10
  4440 | D:5      | Entered Level 5 of the Dungeon
  4440 | D:5      | Found Duigracwak's Distillery.
  4538 | D:5      | Noticed Blork the orc
  4551 | D:5      | Killed Blork the orc
  5631 | D:6      | Reached XP level 8. HP: 48/67 MP: 12/12
  5928 | D:6      | Found a sand-covered staircase.
  5968 | Ossuary  | Entered an ossuary
  5974 | Ossuary  | Reached * piety under the Shining One
  6022 | Ossuary  | Reached ** piety under the Shining One
  6084 | Ossuary  | Reached *** piety under the Shining One
  6539 | D:6      | Reached **** piety under the Shining One
  6558 | D:6      | Reached XP level 9. HP: 38/73 MP: 14/14
  7832 | D:7      | Noticed Prince Ribbit
  7841 | D:7      | Noticed Maggie
  7842 | D:7      | Killed Prince Ribbit
  7855 | D:7      | Killed Maggie
  7855 | D:7      | Noticed Dowan
  7856 | D:7      | Reached skill level 5 in Invocations
  7864 | D:7      | Noticed Duvessa
  8197 | D:7      | Killed Duvessa
  8222 | D:7      | Killed Dowan
  8532 | D:7      | Found a staircase to the Ecumenical Temple.
  8553 | Temple   | Entered the Ecumenical Temple
  8584 | Temple   | Fell from the grace of the Shining One
  8584 | Temple   | Became a worshipper of Gozag Ym Sagoz the Greedy
  9193 | D:7      | Found Webat's Tremendous Tomes.
  9626 | D:8      | Reached skill level 5 in Short Blades
  9626 | D:8      | Reached skill level 5 in Long Blades
  9626 | D:8      | Reached skill level 5 in Maces & Flails
  9626 | D:8      | Reached skill level 5 in Polearms
  9626 | D:8      | Reached skill level 5 in Staves
  9626 | D:8      | Reached skill level 5 in Ranged Weapons
  9626 | D:8      | Reached skill level 5 in Throwing
  9626 | D:8      | Reached skill level 5 in Dodging
  9626 | D:8      | Reached skill level 5 in Stealth
  9626 | D:8      | Reached skill level 5 in Unarmed Combat
  9626 | D:8      | Reached skill level 5 in Spellcasting
  9626 | D:8      | Reached skill level 5 in Evocations
  9626 | D:8      | Reached XP level 10. HP: 57/81 MP: 17/17
  9846 | D:8      | Found Akerphuz's Weapon Shop.
 10996 | D:8      | Found a snail-covered altar of Cheibriados.
 11233 | D:8      | Identified a scroll of acquirement
 11233 | D:8      | Acquired 876 gold pieces
 11331 | D:9      | Noticed a two-headed ogre
 11702 | D:9      | Found a runed translucent gate.
 11702 | D:9      | Found a runed translucent gate.
 11702 | D:9      | Found a runed translucent gate.
 11702 | D:9      | Found an opulent altar of Gozag.
 11703 | D:9      | Noticed lotum's ghost (novice OpEE)
 12089 | D:8      | Killed a two-headed ogre
 13066 | D:9      | Reached skill level 5 in Conjurations
 13066 | D:9      | Reached skill level 5 in Hexes
 13066 | D:9      | Reached skill level 5 in Summonings
 13066 | D:9      | Reached skill level 5 in Necromancy
 13066 | D:9      | Reached skill level 5 in Translocations
 13066 | D:9      | Reached skill level 5 in Transmutations
 13066 | D:9      | Reached skill level 5 in Fire Magic
 13066 | D:9      | Reached skill level 5 in Ice Magic
 13066 | D:9      | Reached skill level 5 in Air Magic
 13066 | D:9      | Reached skill level 5 in Earth Magic
 13066 | D:9      | Reached skill level 5 in Poison Magic
 13570 | D:8      | Reached XP level 11. HP: 64/89 MP: 20/20
 14235 | D:9      | Found a bloodstained altar of Trog.
 14298 | D:9      | Found a sparkling altar of Nemelex Xobeh.
 14298 | D:9      | Found a transporter.
 14299 | D:9      | Noticed a wolf spider
 14300 | D:9      | Noticed a centaur warrior
 14397 | D:10     | Entered Level 10 of the Dungeon
 14488 | D:10     | HP: 3/89 [something (10)]
 14489 | D:10     | Slain by a vampire

Illustrated notes

Levels and vault maps discovered:
D:1:      dpeg_arrival_shrine, layout_basic, shapermc_ecumenical_altar_ellora
D:2:      layout_loops_ring
D:3:      layout_loops_cross, fedhas_altar_3,
          mainiacjoe_overflow_six_doors_small, grunt_temple_overflow_diamond
D:4:      layout_loops_ring
D:5:      layout_loops_ring, serial_shops, shop, hangedman_decor_slide_cut,
          minivault_11, grunt_decor_cap, uniq_blork_the_orc
D:6:      layout_layer_cave, nicolae_ossuary_entry_false_entrances
D:7:      layout_rooms, temple_fountains, nicolae_shop_i_like_big_books,
          minivault_25, lemuel_flame_loot_1, uniq_duvessa, uniq_maggie,
          uniq_prince_ribbit1
D:8:      nicolae_cairo_tiling_very_big, layout_cave_pods,
          nicolae_overflow_crystal_walls, serial_gnoll_camp,
          gnoll_camp_mini_sergeant, gnoll_camp_mini_basic, gnoll_camp_mini_hut,
          gnoll_camp_mini_shop
D:9:      layout_rooms, trog_three_pillars_becter, grunt_nemelex_the_gamble,
          ebering_ghost_gozag
D:10:     layout_stronghold, led_xom_imps, zin_academy, lair_entry_dummy,
          hiddenorc2_lemuel
Temple:   nicolae_temple_bog_church

Skill      XL: |  1  2  3  4  5  6  7  8  9 10 |
---------------+-------------------------------+-----
Invocations    | 1 2 3 4 5 6 |  6.8
Short Blades   | 1 2 3 5 6 |  6.2
Long Blades    | 1 2 3 5 6 |  6.2
Maces & Flails | 1 2 3 5 6 |  6.2
Polearms       | 1 2 3 5 6 |  6.2
Staves         | 1 2 3 5 6 |  6.2
Ranged Weapons | 1 2 3 5 6 |  6.2
Throwing       | 1 2 3 5 6 |  6.2
Dodging        | 1 2 3 5 6 |  6.2
Stealth        | 1 2 3 5 6 |  6.2
Unarmed Combat | 1 2 3 5 6 |  6.2
Spellcasting   | 1 2 3 5 6 |  6.2
Evocations     | 1 2 3 5 6 |  6.2
Conjurations   | 1 2 3 4 5 |  5.1
Hexes          | 1 2 3 4 5 |  5.1
Summonings     | 1 2 3 4 5 |  5.1
Necromancy     | 1 2 3 4 5 |  5.1
Translocations | 1 2 3 4 5 |  5.1
Transmutations | 1 2 3 4 5 |  5.1
Fire Magic     | 1 2 3 4 5 |  5.1
Ice Magic      | 1 2 3 4 5 |  5.1
Air Magic      | 1 2 3 4 5 |  5.1
Earth Magic    | 1 2 3 4 5 |  5.1
Poison Magic   | 1 2 3 4 5 |  5.1
Axes           | 5 6 7 |  7.8
Fighting       | 7 8 9 |  9.1
Armour         | 7 8 9 |  9.1
Shields        | 7 8 9 |  9.1

Action                     |  1- 3 |  4- 6 |  7- 9 | 10-12 || total
---------------------------+-------+-------+-------+-------++-------
  Melee: War axe           |    98 |   132 |   209 |       ||   439
         Bite              |     7 |     8 |    34 |    18 ||    67
         Broad axe         |       |       |    80 |   241 ||   321
  Throw: Boomerang         |       |     5 |       |       ||     5
 Invoke: Potion Petition   |       |       |       |     2 ||     2
  Evoke: Wand              |       |       |    19 |       ||    19
         Tin of tremorston |       |       |       |     2 ||     2
    Use: Potion            |       |     1 |     2 |    16 ||    19
         Scroll            |       |     5 |     8 |     4 ||    17
   Stab: Invisible         |       |       |       |     3 ||     3
         Distracted        |       |       |       |     1 ||     1
 Armour: Scale mail        |    40 |    57 |    25 |       ||   122
         Chain mail        |       |       |    82 |   194 ||   276
         Skin              |       |       |     4 |       ||     4
  Dodge: Dodged            |    43 |    68 |   118 |   204 ||   433
  Block: Buckler           |    25 |    57 |    15 |       ||    97
         Kite shield       |       |       |   127 |   203 ||   330

Table legend: (Time is in decaauts)
 A = Elapsed time spent in this place.
 B = Non-inter-level travel time spent in this place.
 C = Inter-level travel time spent in this place.
 D = Time resting spent in this place.
 E = Time spent auto-exploring this place.
 F = Levels seen in this place.
 G = Mean time per level.
                   A        B        C        D        E       F      G
               +--------+--------+--------+--------+--------+-----+--------+
         Total |  14784 |  14336 |    448 |   5881 |   6154 |  12 | 1232.0 |
       Dungeon |  14340 |  13927 |    413 |   5881 |   5974 |  10 | 1434.0 |
        Temple |    192 |    157 |     35 |      0 |    137 |   1 |  192.0 |
       Ossuary |    251 |    251 |      0 |      0 |     42 |   1 |  251.0 |
               +--------+--------+--------+--------+--------+-----+--------+

Top non-repeatable levels by time:
     D:8: 4295 daAuts
     D:6: 2396 daAuts
     D:3: 1332 daAuts
     D:4: 1196 daAuts
     D:2: 1189 daAuts
     D:5: 1113 daAuts
     D:7: 958 daAuts
     D:9: 956 daAuts
     D:1: 803 daAuts
 Ossuary: 251 daAuts
  Temple: 192 daAuts
    D:10: 97 daAuts
